 Dungeon Crawl Stone Soup version 0.28-a0-503-g83f2989fac (webtiles) character file.

Game seed: 4930876575810046111

3630 MirrMurr the Thrower (level 10, -4/77 HPs)
             Began as a Gnoll Hunter on Sept 21, 2021.
             Was a Priest of Okawaru.
             Slain by a wolf (7 damage)
             ... on level 7 of the Dungeon.
             The game lasted 00:23:51 (11857 turns).

MirrMurr the Thrower (Gnoll Hunter)                Turns: 11857, Time: 00:23:53

Health: -4/77      AC: 16    Str: 12    XL:     10   Next: 11%
Magic:  17/17      EV: 12    Int: 20    God:    Okawaru [***...]
Gold:   336        SH:  5    Dex: 12    Spells: 16/19 levels left

rFire   . . .      SeeInvis .   a - +0 dagger (venom)
rCold   . . .      Faith    .   l - +0 buckler
rNeg    . . .      Spirit   .   G - +2 ring mail "Buacw" {Will+}
rPois   .          Reflect  .   E - +1 helmet
rElec   .          Harm     .   (no cloak)
rCorr   .          Rampage  .   (no gloves)
Will    +....                   x - +1 pair of boots
Stlth   ++........              (no amulet)
HPRegen 0.22/turn               c - +4 ring of protection
MPRegen 0.15/turn               h - +6 ring of intelligence

@: lethally poisoned (-4 -> -13)
A: fangs 1, strong nose, distributed training
a: Renounce Religion, Heroism


You were on level 7 of the Dungeon.
You worshipped Okawaru.
Okawaru was most pleased with you.
You visited 2 branches of the dungeon, and saw 10 of its levels.
You also visited: Ossuary.

You collected 336 gold pieces.

Inventory:

Hand Weapons
 a - a +0 dagger of venom (weapon)
 b - a +0 mace of holy wrath
 n - the +9 war axe of Domination {flame, *Rage rPois rC+ Dex-2}
   (You found it on level 5 of the Dungeon)

   It burns those it strikes, dealing additional fire damage.
   Big, fiery blades are also staple armaments of hydra-hunters.
   Dex:       It affects your dexterity (-2).
   rC:        It protects you from cold.
   rPois:     It protects you from poison.
   *Rage:     It lets you go berserk by making a melee attack (+20% chance).
 w - a +1 hunting sling of freezing
Missiles
 d - 2 throwing nets
 e - 237 stones (quivered)
 j - 53 sling bullets
 p - 78 poisoned darts
 r - 5 javelins
Armour
 g - a +1 pair of boots
 l - a +0 buckler (worn)
 x - a +1 pair of boots (worn)
 E - a +1 helmet (worn)
 G - the +2 ring mail "Buacw" (worn) {Will+}
   (You found it on level 6 of the Dungeon)

   Will:      It increases your willpower.
Jewellery
 c - a +4 ring of protection (left hand)
 h - a +6 ring of intelligence (right hand)
 D - a ring of resist corrosion
Wands
 m - a wand of iceblast (18)
 F - a wand of flame (35)
 H - a wand of polymorph (11)
 I - a wand of paralysis (10)
Scrolls
 o - a scroll of immolation
 q - a scroll of fog
 t - a scroll of holy word {unknown}
 u - 2 scrolls of silence
 v - 2 scrolls of identify
 y - a scroll of summoning {unknown}
 C - a scroll of teleportation
 J - a scroll of fear {unknown}
Potions
 f - a potion of mutation {unknown}
 i - 2 potions of curing
 k - a potion of degeneration
 s - 2 potions of attraction {unknown}
 z - 4 potions of haste
 A - a potion of brilliance {unknown}
 B - 2 potions of flight {unknown}


   Skills:
 + Level 6.8 Fighting
 + Level 5.0 Short Blades
 + Level 5.0 Long Blades
 + Level 5.0 Axes
 + Level 5.0 Maces & Flails
 + Level 5.0 Polearms
 + Level 5.0 Staves
 + Level 5.0 Slings
 + Level 5.0 Bows
 + Level 5.0 Crossbows
 + Level 9.9 Throwing
 + Level 5.0 Armour
 + Level 6.8 Dodging
 + Level 5.5 Stealth
 + Level 5.0 Shields
 + Level 5.0 Unarmed Combat
 + Level 5.0 Spellcasting
 + Level 4.1 Conjurations
 + Level 4.1 Hexes
 + Level 4.1 Summonings
 + Level 4.1 Necromancy
 + Level 4.1 Translocations
 + Level 4.1 Transmutations
 + Level 4.1 Fire Magic
 + Level 4.1 Ice Magic
 + Level 4.1 Air Magic
 + Level 4.1 Earth Magic
 + Level 4.1 Poison Magic
 + Level 5.4 Invocations
 + Level 5.0 Evocations


You had 16 spell levels left.
You knew the following spells:

 Your Spells              Type           Power      Damage    Failure   Level
a - Frozen Ramparts       Ice            42%        1d6       14%         3

Your spell library contained the following spells:

 Spells                   Type           Power      Damage    Failure   Level
 Freeze                   Ice            84%        1d10      4%          1
 Slow                     Hex            21%        N/A       7%          2
 Confusing Touch          Hex            21%        N/A       14%         3
 Vampiric Draining        Necr           10%        2d7       14%         3
 Hailstorm                Conj/Ice       21%        3d6       41%         4


Dungeon Overview and Level Annotations

Branches:
Dungeon (9/15)             Temple (1/1) D:5         Ossuary (visited)
   Lair: D:8-11         Orc: D:9-12

Altars:
Ashenzari
Cheibriados
Elyvilon
Fedhas
Gozag
Hepliaklqana
Kikubaaqudgha
Makhleb
Okawaru
Qazlal
Ru
Sif Muna
Trog
Uskayaw
Vehumet
Wu Jian
Yredelemnul
The Shining One

Annotations:
D:6 2 transporters, Heedrag's ghost, novice DEFE
D:7 exclusion: downstairs
D:8 Gastronok; Harold


Innate Abilities, Weirdness & Mutations

You have very sharp teeth.
Your uncanny sense of smell can sniff out nearby items.
Your experience applies equally to all skills.


Message History

You hit the water moccasin.
The water moccasin looks as sick as possible!
The water moccasin is heavily wounded.
The wolf bites you but does no damage. The water moccasin closely misses you.
You hit the water moccasin but do no damage.
The water moccasin is severely wounded.
The wolf barely misses you.
The water moccasin completely misses you.
You closely miss the water moccasin.
The water moccasin is severely wounded.
The wolf bites you! The water moccasin bites you.
* * * LOW HITPOINT WARNING * * *
You are poisoned.
The water moccasin poisons you! You block the wolf's attack.
You barely miss the water moccasin.
The water moccasin is severely wounded.
You feel very sick. The water moccasin bites you.
* * * LOW HITPOINT WARNING * * *
The wolf barely misses you.
You barely miss the water moccasin.
The water moccasin is almost dead.
* * * LOW HITPOINT WARNING * * *
You feel very sick. The wolf bites you but does no damage.
The water moccasin bites you but does no damage.
Unknown command.
You hit the water moccasin.
The water moccasin is almost dead.
* * * LOW HITPOINT WARNING * * *
You feel sick. You block the wolf's attack. The water moccasin misses you.
The wolf bites you.
* * * LOW HITPOINT WARNING * * *
You completely miss the water moccasin.
The water moccasin is almost dead.
* * * LOW HITPOINT WARNING * * *
You feel sick. The water moccasin bites you.
* * * LOW HITPOINT WARNING * * *
The wolf bites you!
You die...

..........#....................#.
####...#..##...####....##..#.....
#..))...........<........#..#.
#..#..#########.............#.
#..#..# #..#.....#########.
#..#..# #..#.......).......
#..#..# #......#.##########
####..#..#######S#..........#
......#........#@#..##.####.#
..##.##.######.#h#.#...####.#
...#.#...........#..........#
.....##########....##########
..............'.........#
....###########....####.# ...##
#....# #.# ...############....#
#.# .............##....####.#


You could see a water moccasin (very poisoned) and a wolf (very poisoned).

Vanquished Creatures
  Grinder (D:6)
  A basilisk (D:8)
  6 yaks
  Menkaure (D:7)
  A water moccasin (D:8)
  Duvessa (D:7)
  An orc warrior (D:7)
  An ice beast (D:5)
  A necrophage (D:5)
  3 ogres
  A bullfrog (D:7)
  2 gnoll sergeants
  2 scorpions (D:6)
  Dowan (D:7)
  2 water moccasin skeletons (D:5)
  2 howler monkeys
  A jelly (D:4)
  2 orc priests
  2 centaur zombies
  4 hounds
  A human zombie (Ossuary)
  A gnoll shaman (D:3)
  3 centaur skeletons
  An iguana (D:5)
  2 bullfrog skeletons
  5 orc wizards
  3 mummies
  17 gnolls
  7 adders
  A howler monkey skeleton (D:6)
  A shadow imp (D:5)
  2 white imps
  2 adder zombies (Ossuary)
  4 worms
  2 dart slugs
  15 orcs
  9 ball pythons
  3 bats
  7 endoplasms
  5 giant cockroaches
  6 goblins
  9 hobgoblins
  2 jackals (D:2)
  8 kobolds
  5 quokkas
  5 frilled lizards
  A goblin zombie (Ossuary)
  9 hobgoblin zombies (Ossuary)
  6 jackal zombies (Ossuary)
  9 kobold zombies (Ossuary)
  8 orc zombies (Ossuary)
  8 rats
203 creatures vanquished.

Vanquished Creatures (others)
  3 fungi (D:8)
  7 plants
10 creatures vanquished.

Grand Total: 213 creatures vanquished

Notes
Turn   | Place    | Note
-------+----------+-------------------------------------------
     0 | D:1      | MirrMurr the Gnoll Hunter began the quest for the Orb.
     0 | D:1      | Reached XP level 1. HP: 20/20 MP: 1/1
   258 | D:1      | Reached XP level 2. HP: 26/26 MP: 2/2
   784 | D:1      | Reached XP level 3. HP: 29/31 MP: 3/3
  1313 | D:2      | Reached skill level 1 in Invocations
  1741 | D:2      | Reached skill level 1 in Short Blades
  1741 | D:2      | Reached skill level 1 in Long Blades
  1741 | D:2      | Reached skill level 1 in Axes
  1741 | D:2      | Reached skill level 1 in Maces & Flails
  1741 | D:2      | Reached skill level 1 in Polearms
  1741 | D:2      | Reached skill level 1 in Staves
  1741 | D:2      | Reached skill level 1 in Slings
  1741 | D:2      | Reached skill level 1 in Bows
  1741 | D:2      | Reached skill level 1 in Crossbows
  1741 | D:2      | Reached skill level 1 in Armour
  1741 | D:2      | Reached skill level 1 in Shields
  1741 | D:2      | Reached skill level 1 in Unarmed Combat
  1741 | D:2      | Reached skill level 1 in Spellcasting
  1741 | D:2      | Reached skill level 1 in Evocations
  1819 | D:2      | Reached XP level 4. HP: 30/38 MP: 5/5
  2540 | D:3      | Reached skill level 1 in Conjurations
  2540 | D:3      | Reached skill level 1 in Hexes
  2540 | D:3      | Reached skill level 1 in Summonings
  2540 | D:3      | Reached skill level 1 in Necromancy
  2540 | D:3      | Reached skill level 1 in Translocations
  2540 | D:3      | Reached skill level 1 in Transmutations
  2540 | D:3      | Reached skill level 1 in Fire Magic
  2540 | D:3      | Reached skill level 1 in Ice Magic
  2540 | D:3      | Reached skill level 1 in Air Magic
  2540 | D:3      | Reached skill level 1 in Earth Magic
  2540 | D:3      | Reached skill level 1 in Poison Magic
  2623 | D:3      | Found a stormy altar of Qazlal.
  2652 | D:3      | Found an ornate altar of the Wu Jian Council.
  2680 | D:3      | Reached XP level 5. HP: 34/43 MP: 5/7
  3768 | D:3      | Found a burning altar of Makhleb.
  4129 | D:4      | Reached XP level 6. HP: 47/50 MP: 8/8
  4280 | D:4      | Reached skill level 5 in Fighting
  4280 | D:4      | Reached skill level 5 in Dodging
  5120 | D:5      | Entered Level 5 of the Dungeon
  5182 | D:5      | Identified the +9 war axe of Domination {flame, *Rage rPois
                  | rC+ Dex-2}
  5205 | D:5      | Noticed a necrophage
  5220 | D:5      | Killed a necrophage
  5257 | D:5      | Reached XP level 7. HP: 54/56 MP: 10/10
  5286 | D:5      | Found a snail-covered altar of Cheibriados.
  6060 | D:5      | Reached skill level 9 in Throwing
  6426 | D:5      | Reached XP level 8. HP: 63/63 MP: 12/12
  6581 | D:5      | Found a staircase to the Ecumenical Temple.
  6592 | Temple   | Entered the Ecumenical Temple
  6782 | Temple   | Became a worshipper of Warmaster Okawaru
  6800 | D:5      | Learned a level 3 spell: Frozen Ramparts
  6954 | D:6      | Found a sand-covered staircase.
  6970 | Ossuary  | Entered an ossuary
  8231 | D:6      | Found a sacrificial altar of Ru.
  8352 | D:6      | Noticed Heedrag's ghost (novice DEFE)
  9074 | D:6      | Found a transporter.
  9148 | D:6      | Noticed Grinder
  9171 | D:6      | Killed Grinder
  9171 | D:6      | Reached * piety under Okawaru
  9172 | D:6      | Reached XP level 9. HP: 23/69 MP: 14/14
  9393 | D:6      | Identified the ring "Irghet" {rPois Will+ Int+5}
  9411 | D:6      | Found a transporter.
  9455 | D:6      | Identified the +2 ring mail "Buacw" {Will+}
  9884 | D:6      | Reached ** piety under Okawaru
  9885 | D:6      | Reached skill level 5 in Stealth
 10284 | D:7      | Noticed Menkaure
 10288 | D:7      | Killed Menkaure
 10289 | D:7      | Reached skill level 5 in Invocations
 10490 | D:7      | Noticed Duvessa
 10490 | D:7      | Noticed Dowan
 10509 | D:7      | Killed Duvessa
 10519 | D:7      | Killed Dowan
 10900 | D:7      | Reached XP level 10. HP: 62/77 MP: 17/17
 11584 | D:8      | Noticed Gastronok
 11603 | D:8      | Found a basalt altar of Yredelemnul.
 11636 | D:9      | Noticed a two-headed ogre
 11700 | D:8      | Reached *** piety under Okawaru
 11718 | D:8      | Reached skill level 5 in Short Blades
 11718 | D:8      | Reached skill level 5 in Long Blades
 11718 | D:8      | Reached skill level 5 in Axes
 11718 | D:8      | Reached skill level 5 in Maces & Flails
 11718 | D:8      | Reached skill level 5 in Polearms
 11718 | D:8      | Reached skill level 5 in Staves
 11718 | D:8      | Reached skill level 5 in Slings
 11718 | D:8      | Reached skill level 5 in Bows
 11718 | D:8      | Reached skill level 5 in Crossbows
 11718 | D:8      | Reached skill level 5 in Armour
 11718 | D:8      | Reached skill level 5 in Shields
 11718 | D:8      | Reached skill level 5 in Unarmed Combat
 11718 | D:8      | Reached skill level 5 in Spellcasting
 11718 | D:8      | Reached skill level 5 in Evocations
 11772 | D:8      | Noticed Harold
 11857 | D:7      | HP: 3/77 [water moccasin (4)]
 11857 | D:7      | Slain by a wolf

Illustrated notes

Levels and vault maps discovered:
D:1:      dpeg_arrival_rooms_b, layout_basic, minmay_misc_feat_cross,
          chequers_jeans, minmay_misc_feat_chi
D:2:      layout_basic, minivault_5, minmay_misc_feat_room,
          grunt_decor_arrowhead, kennysheep_generic_room_11
D:3:      layout_rooms, overflow_temple_1_default,
          nicolae_overflow_hidden_temple, bloody_makhleb, minmay_fountain_box
D:4:      layout_loops_cross
D:5:      layout_gridville, mainiacjoe_overflow_alcove_2,
          minmay_temple_entry_statues_fountains
D:6:      layout_gridville, mainiacjoe_overflow_small_starburst,
          gammafunk_ghost_gnarly_gnolls, gup_ossuary_entry_pyramid, uniq_grinder
D:7:      layout_basic, uniq_duvessa, uniq_menkaure
D:8:      layout_cave_pools, gammafunk_temple_overflow_claw,
          yredelemnul_altar_generic, minmay_lair_entry_grove, uniq_harold,
          uniq_gastronok
D:9:      layout_stronghold, general_overflow_altar, serial_shops, shop,
          uniq_maurice, uniq_joseph
Temple:   hc_temple_tempest_star

Skill      XL: |  1  2  3  4  5  6  7  8  9 10 |
---------------+-------------------------------+-----
Invocations    | 1 2 3 4 5 |  5.4
Short Blades   | 1 2 3 4 5 |  5.0
Long Blades    | 1 2 3 4 5 |  5.0
Axes           | 1 2 3 4 5 |  5.0
Maces & Flails | 1 2 3 4 5 |  5.0
Polearms       | 1 2 3 4 5 |  5.0
Staves         | 1 2 3 4 5 |  5.0
Slings         | 1 2 3 4 5 |  5.0
Bows           | 1 2 3 4 5 |  5.0
Crossbows      | 1 2 3 4 5 |  5.0
Armour         | 1 2 3 4 5 |  5.0
Shields        | 1 2 3 4 5 |  5.0
Unarmed Combat | 1 2 3 4 5 |  5.0
Spellcasting   | 1 2 3 4 5 |  5.0
Evocations     | 1 2 3 4 5 |  5.0
Conjurations   | 1 2 3 4 |  4.1
Hexes          | 1 2 3 4 |  4.1
Summonings     | 1 2 3 4 |  4.1
Necromancy     | 1 2 3 4 |  4.1
Translocations | 1 2 3 4 |  4.1
Transmutations | 1 2 3 4 |  4.1
Fire Magic     | 1 2 3 4 |  4.1
Ice Magic      | 1 2 3 4 |  4.1
Air Magic      | 1 2 3 4 |  4.1
Earth Magic    | 1 2 3 4 |  4.1
Poison Magic   | 1 2 3 4 |  4.1
Stealth        | 3 4 5 |  5.5
Fighting       | 5 6 |  6.8
Dodging        | 5 6 |  6.8
Throwing       | 9 |  9.9

Action                   |  1- 3 |  4- 6 |  7- 9 | 10-12 || total
-------------------------+-------+-------+-------+-------++-------
Melee: Short sword       |    38 |       |       |       ||    38
       Bite              |     7 |    11 |    62 |     7 ||    87
       Dagger            |    24 |   138 |   368 |    99 ||   629
       Mace              |       |    12 |   178 |       ||   190
 Fire: Hunting sling     |       |     6 |    58 |       ||    64
Throw: Stone             |   101 |   131 |    11 |     1 ||   244
       Javelin           |       |       |     9 |       ||     9
       Throwing net      |       |       |     1 |       ||     1
       Dart              |       |       |     4 |       ||     4
Evoke: Wand              |       |       |     3 |       ||     3
  Use: Scroll            |       |     8 |     3 |     1 ||    12
       Potion            |       |       |     3 |       ||     3
 Stab: Distracted        |     1 |       |       |       ||     1
       Sleeping          |       |     2 |       |       ||     2
Armor: Leather armour    |    15 |    30 |   142 |       ||   187
       Ring mail         |       |       |    59 |    42 ||   101
Dodge: Dodged            |    37 |    85 |   298 |    55 ||   475
Block: Buckler           |    10 |    33 |   126 |    31 ||   200

Table legend: (Time is in decaauts)
 A = Elapsed time spent in this place.
 B = Non-inter-level travel time spent in this place.
 C = Inter-level travel time spent in this place.
 D = Time resting spent in this place.
 E = Time spent auto-exploring this place.
 F = Levels seen in this place.
 G = Mean time per level.
                   A        B        C        D        E       F      G
               +--------+--------+--------+--------+--------+-----+--------+
         Total |  11750 |  11101 |    649 |    231 |   8394 |  11 | 1068.2 |
       Dungeon |  10638 |  10002 |    636 |     19 |   7871 |   9 | 1182.0 |
        Temple |    202 |    190 |     12 |      0 |    176 |   1 |  202.0 |
       Ossuary |    909 |    909 |      0 |    212 |    347 |   1 |  909.0 |
               +--------+--------+--------+--------+--------+-----+--------+

Top non-repeatable levels by time:
     D:6: 1953 daAuts
     D:7: 1758 daAuts
     D:5: 1603 daAuts
     D:2: 1570 daAuts
     D:1: 1320 daAuts
     D:3: 1154 daAuts
     D:4: 1053 daAuts
 Ossuary: 909 daAuts
     D:8: 223 daAuts
  Temple: 202 daAuts
     D:9: 1 daAuts
